 Dungeon Crawl Stone Soup version 0.31.0-11-ge490571c62 (webtiles) character file.

Game seed: 948738802426751291

95 qw the Shooter (level 4, -1/22 HPs)
             Began as a Spriggan Hunter on Feb 3, 2024.
             Slain by Jessica
             ... wielding a +0 dagger
              (4 damage)
             ... on level 3 of the Dungeon.
             The game lasted 00:00:07 (1997 turns).

qw the Shooter (Spriggan Hunter)                    Turns: 1997, Time: 00:00:08

Health: -1/22      AC:  2    Str:  7    XL:     4   Next: 39%
Magic:  5/5        EV: 20    Int: 10    God:
Gold:   77         SH:  0    Dex: 20    Spells: 3/3 levels left

rFire   . . .        a - +0 shortbow (drain)
rCold   . . .        (shield currently unavailable)
rNeg    . . .        c - +0 robe
rPois   .            (helmet restricted)
rElec   .            (no cloak)
rCorr   .            (gloves unavailable)
SInv    +            (boots unavailable)
Will    .....        (no amulet)
Stlth   ++           (no ring)
HPRegen 0.23/turn    (no ring)
MPRegen 0.09/turn

%: no passive effects
@: about to teleport, very quick
A: very small, no large weapons, unfitting armour, see invisible, speed 3
a: no special abilities


You were on level 3 of the Dungeon.
You visited 1 branch of the dungeon, and saw 3 of its levels.

You collected 77 gold pieces.


Innate Abilities, Weirdness & Mutations

You are very small and have problems with some larger weapons.
You are too small for most types of armour.
You have supernaturally acute eyesight. (SInv)
You cover ground extremely quickly. (Speed+++)


   Skills:
 - Level 1.5 Fighting
 - Level 5.0 Ranged Weapons
 + Level 4.8 Dodging
 - Level 1.5 Stealth


You had 3 spell levels left.
You didn't know any spells.
Your spell library was empty.

Inventory:

Hand Weapons
 a - a +0 shortbow of draining (weapon)
Armour
 c - a +0 robe (worn)
Jewellery
 m - an amulet of the acrobat
Scrolls
 g - a scroll of blinking {unknown}
 i - a scroll of enchant armour
 j - 2 scrolls of teleportation
 k - a scroll of identify {unknown}
 l - a scroll of noise {unknown}
Potions
 b - a potion of curing
 d - a potion of enlightenment {unknown}
 e - a potion of brilliance {unknown}
 f - a potion of haste {unknown}
 h - a potion of attraction {unknown}
 n - a potion of heal wounds {unknown}

Dungeon Overview and Level Annotations

Branches:
Dungeon (3/15)

Altars:
Xom

Shops:
D:2 :

Annotations:
D:3 Jessica


Message History

The quokka bites you.
Jessica gestures wildly while chanting.
Jessica seems to speed up.
You shoot an arrow. The arrow completely misses the quokka.
The quokka barely misses you.
The quokka twitches its whiskers.
The quokka closely misses you.
You shoot an arrow. The arrow closely misses the quokka.
Jessica gestures wildly while chanting.
Jessica blinks!
The quokka misses you.
You shoot an arrow. The arrow hits the quokka.
You kill the quokka!
Jessica casts a spell at you.
You struggle to resist.
The ball python misses you. The ball python closely misses you.
You shoot an arrow.
The arrow closely misses the ball python.
The ball python misses you. The ball python completely misses you.
Jessica closely misses you.
You shoot an arrow.
The arrow hits Jessica but does no damage.
The ball python completely misses you. The ball python misses you.
Jessica casts a spell at you.
You struggle to resist.
The ball python bites you. The ball python closely misses you.
Jessica closely misses you.
You shoot an arrow. The arrow barely misses Jessica.
Jessica casts a spell at you. Pain shoots through your body!
The ball python barely misses you. The ball python completely misses you.
You shoot an arrow. The arrow hits Jessica.
You drain Jessica.
Jessica is heavily wounded.
Jessica hits you with a +0 dagger. The ball python barely misses you.
The ball python misses you. Jessica hits you with a +0 dagger.
The ball python bites you. The ball python completely misses you.
1997 ||| READING 3 scrolls of teleportation.
As you read the scroll of teleportation, it crumbles to dust.
You feel strangely unstable. Jessica completely misses you.
The ball python misses you. The ball python closely misses you.
Jessica hits you with a +0 dagger.
You die...

..#...# #........######## ..# ..#
##..#####........# #.# ..#
#..##.. ##......># #.# .# #..#?..
#.......# #.# ###..#?.. #.......#
#.######....#?.. #........
.......'....##.. ##........
#.######.....##S##..####.........
#.# #........@..## #......... #.#
#........@.######.........
#.######..........'....+.........
......#...........######.........
......#...######### #.........
..)...#...# #........
...<..####### #........
............## #........
....#.....#..## #........


You could see Jessica (fast, very drained) and a ball python.

Vanquished Creatures
  2 adders (D:3)
  A ribbon worm (D:3)
  A dart slug (D:2)
  2 orcs (D:3)
  8 bats
  2 endoplasms
  6 giant cockroaches
  7 goblins
  7 hobgoblins
  11 kobolds
  3 quokkas
  5 ball pythons
  2 frilled lizards (D:3)
  5 rats
62 creatures vanquished.

Notes
Turn   | Place    | Note
-------+----------+-------------------------------------------
     0 | D:1      | qw the Spriggan Hunter began the quest for the Orb.
     0 | D:1      | Reached XP level 1. HP: 10/10 MP: 2/2
     0 | D:1      | 0 ||| qw: Version: 0.3-a-157-g843a77d
     0 | D:1      | 0 ||| qw: Game counter: 3762
     0 | D:1      | 0 ||| qw: Melee chars always use a shield: true
     0 | D:1      | 0 ||| qw: God list: Okawaru
     0 | D:1      | 0 ||| qw: Allow faded altars: false
     0 | D:1      | 0 ||| qw: Do Orc after clearing Dungeon:15 true
     0 | D:1      | 0 ||| qw: Do second Lair branch before Depths: true
     0 | D:1      | 0 ||| qw: Lair rune preference: random
     0 | D:1      | 0 ||| qw: Goals: Normal
     0 | D:1      | 0 ||| PLANNING D:1-11
    35 | D:1      | Reached skill level 3 in Dodging
    74 | D:1      | Reached XP level 2. HP: 14/14 MP: 3/3
   232 | D:1      | You fall into a shaft and drop 1 floor!
   232 | D:2      | Found Qonkadoz's Book Shop.
   386 | D:2      | 386 ||| DROPPING scroll of butterflies.
   617 | D:1      | Reached XP level 3. HP: 18/18 MP: 4/4
   626 | D:1      | Found a faded altar of an unknown god.
   810 | D:1      | 810 ||| READING scroll labelled LIDDAUD VIUBI.
   811 | D:1      | 811 ||| READING scroll labelled HILI OCIOGEYKA.
   812 | D:1      | 812 ||| READING scroll labelled MEACIYTHREL.
   813 | D:1      | 813 ||| READING scroll labelled NOUJIL QA YZI.
   813 | D:1      | 813 ||| BRANDING +0 shortbow.
   814 | D:1      | 814 ||| READING scroll labelled AGGEANIQIYP.
   819 | D:1      | 819 ||| DRINKING 2 puce potions.
  1377 | D:2      | 1377 ||| READING scroll labelled DANAPUVAYS.
  1378 | D:2      | 1378 ||| READING 2 scrolls labelled MEOMEL KOYGOXTUTES.
  1378 | D:2      | 1378 ||| ENCHANTING +0 shortbow of draining.
  1379 | D:2      | 1379 ||| DRINKING 2 dark potions.
  1380 | D:2      | 1380 ||| DROPPING potion of magic.
  1534 | D:3      | Reached skill level 5 in Ranged Weapons
  1628 | D:3      | Reached XP level 4. HP: 22/22 MP: 5/5
  1705 | D:3      | Found a shimmering altar of Xom.
  1984 | D:3      | Noticed Jessica
  1996 | D:3      | HP: 4/22 [Jessica/+0 dagger (6)]
  1997 | D:3      | 1997 ||| READING 3 scrolls of teleportation.
  1997 | D:3      | Slain by Jessica

Levels and vault maps discovered:
D:1:      dpeg_arrival_refuge, layout_loops_ring, ebering_ecumenical_altar_box
D:2:      wad_pebble_path, layout_loops_ring, serial_shops, shop,
          glass_columns_b, kennysheep_boxes
D:3:      layout_basic, xom_teletrap_fun, corexii_hall_statues_x, st_stairs_3,
          kennysheep_jessica_study

Skill      XL: |  1  2  3 |
---------------+----------+-----
Dodging        | 3 4 |  4.8
Ranged Weapons | 5 |  5.0
Fighting       | |  1.5
Stealth        | |  1.5

Action                     |  1- 3 |  4- 6 || total
---------------------------+-------+-------++-------
   Fire: Shortbow          |   139 |    23 ||   162
    Use: Scroll            |     7 |     1 ||     8
         Potion            |     2 |       ||     2
 Armour: Robe              |     7 |     7 ||    14
  Dodge: Dodged            |    32 |    21 ||    53

Table legend:
 A = Non-vault XP
 B = Vault XP
 C = Vault XP percentage of total XP
 D = Non-vault monster count
 E = Vault monster count
 F = Vault count percentage of total count
                 A         B        C        D         E       F
            +---------+---------+-------+---------+---------+-------
      Total |     133 |       3 |   2.2 |      60 |       2 |   3.2
            +---------+---------+-------+---------+---------+-------
        D:1 |      48 |       0 |   0.0 |      27 |       0 |   0.0
        D:2 |      27 |       0 |   0.0 |      15 |       0 |   0.0
        D:3 |      58 |       3 |   4.9 |      18 |       2 |  10.0
            +---------+---------+-------+---------+---------+-------
